AoeStats
← croissant

MegaRandom

509644891Analyzed
3v3 RM · 3d ago on Sep 27, 2026· 49m 43s· 6 players
Game mode
Random Map
Map size
Normal (6 player)
Population
200
Speed
Normal
Resources
Standard
Victory
Conquest
Starting age
Dark Age
Ending age
Imperial Age
RankedLock teamsTeams togetherTeam positionsShared explorationLock speedFull tech treeHidden civsTurbo modeCheats
Victory
Defeat
🇨🇭 Persians · Switzerland
1147
+12
🇨🇭 Mongols · Switzerland
1052
+16
🇨🇭 Byzantines · Switzerland
990
+18
🇮🇪 Lithuanians · Ireland
1117
-18
🇹🇭 Spanish · Thailand
1025
-14
🇹🇭 Goths · Thailand
1024
-14
croissant
2:53 Loom
14:01 Feudal Age
17:12 Wheelbarrow
18:06 Horse Collar
21:34 Double-Bit Axe
23:13 Fletching
25:24 Forging
26:22 Stone Mining
26:23 Gold Mining
26:40 Scale Mail Armor
30:46 Castle Age
29:35 Padded Archer Armor
31:17 Pikeman
31:58 Squires
33:21 Chain Mail Armor
33:41 Iron Casting
33:38 Bow Saw
37:28 Hand Cart
40:09 Gold Shaft Mining
40:11 Stone Shaft Mining
40:20 Guard Tower
40:51 Ballistics
40:27 Murder Holes
40:44 Fortified Wall
41:46 Heavy Plow
45:07 Imperial Age
44:07 Bodkin Arrow
45:33 Halberdier
45:59 Arson
46:48 Capped Ram
48:42 Two-Man Saw
48:25 Crop Rotation
Mindmelter
5:31 Loom
10:15 Feudal Age
10:46 Double-Bit Axe
15:34 Castle Age
13:47 Gold Mining
17:45 Bow Saw
19:37 Bloodlines
22:51 Horse Collar
25:38 Scale Barding Armor
27:03 Chain Barding Armor
27:34 Stone Mining
28:05 Fletching
29:16 Wheelbarrow
29:23 Heavy Plow
30:58 Forging
32:11 Gold Shaft Mining
32:16 Iron Casting
33:17 Bodkin Arrow
33:29 Padded Archer Armor
33:54 Husbandry
35:00 Hand Cart
37:31 Imperial Age
35:31 Ballistics
35:28 Leather Archer Armor
35:40 Masonry
36:16 Thumb Ring
37:42 Elite Steppe Lancer
39:31 Blast Furnace
38:00 Capped Ram
39:39 Parthian Tactics
39:25 Bracer
43:26 Siege Ram
44:25 Town Watch
47:39 Drill
viridity
4:59 Loom
10:53 Feudal Age
11:44 Double-Bit Axe
19:41 Castle Age
18:29 Bloodlines
19:06 Forging
19:18 Horse Collar
19:59 Scale Barding Armor
21:30 Wheelbarrow
21:02 Husbandry
20:38 Light Cavalry
22:16 Heavy Plow
28:39 Gold Mining
34:12 Imperial Age
31:28 Town Watch
31:58 Hand Cart
33:59 Hussar
35:20 Cavalier
40:19 Gold Shaft Mining
40:36 Ballistics
41:26 Capped Ram
42:39 Fletching
42:50 Padded Archer Armor
49:41 Savar
Saumon
8:00 Loom
10:43 Feudal Age
11:09 Double-Bit Axe
12:12 Horse Collar
13:56 Bloodlines
19:15 Stone Mining
21:41 Castle Age
21:29 Scale Barding Armor
21:51 Forging
23:32 Chain Barding Armor
26:11 Iron Casting
25:31 Gold Mining
25:54 Bow Saw
28:25 Wheelbarrow
40:50 Imperial Age
39:32 Fletching
41:52 Cavalier
42:34 Husbandry
43:14 Plate Barding Armor
43:05 Conscription
Cody
11:47 Feudal Age
15:23 Loom
22:19 Castle Age
20:49 Double-Bit Axe
22:08 Horse Collar
23:34 Wheelbarrow
24:23 Bow Saw
27:26 Gold Mining
31:18 Padded Archer Armor
31:37 Bloodlines
31:28 Husbandry
35:29 Heavy Plow
35:49 Leather Archer Armor
35:46 Forging
37:00 Husbandry
41:44 Imperial Age
39:32 Hand Cart
44:06 Imperial Age
47:12 Imperial Age
47:33 Elite Conquistador
Zozimbo
0:48 Loom
12:11 Feudal Age
18:37 Castle Age
24:23 Horse Collar
27:02 Town Watch
27:54 Wheelbarrow
28:48 Pikeman
29:28 Squires
Connection lost

Rejoining the realm…

Still unreachable

The connection could not be restored.

Session expired

The server has moved on; the page needs a fresh start.